 Dungeon Crawl Stone Soup version 0.30-a0-949-g53dc5368d7 (webtiles) character file.

Game seed: 3783525201787955166

69 demibob the Cudgeller (level 4, -2/33 HPs)
             Began as a Demonspawn Gladiator on Mar 28, 2023.
             Slain by Sigmund
             ... wielding a +0 scythe
              (9 damage)
             ... on level 2 of the Dungeon.
             The game lasted 00:02:49 (1139 turns).

demibob the Cudgeller (Demonspawn Gladiator)        Turns: 1139, Time: 00:02:50

Health: -2/33      AC:  4    Str: 16    XL:     4   Next: 2%
Magic:  4/4        EV: 12    Int:  9    God:
Gold:   110        SH:  0    Dex: 15    Spells: 3/3 levels left

rFire   . . .      SeeInvis .    a - +0 flail
rCold   . . .      Faith    .    (no shield)
rNeg    . . .      Spirit   .    b - +0 leather armour
rPois   .          Reflect  .    c - +0 helmet
rElec   .          Rampage  .    (no cloak)
rCorr   .                        (no gloves)
Will    .....                    (no boots)
Stlth   +                        (no amulet)
HPRegen 0.25/turn                (no ring)
MPRegen 0.09/turn                (no ring)

@: no status effects
A: demonic magic 1
a: no special abilities


You were on level 2 of the Dungeon.
You visited 1 branch of the dungeon, and saw 2 of its levels.

You collected 110 gold pieces.


Innate Abilities, Weirdness & Mutations

Spells you cast may paralyse adjacent enemies.


   Skills:
 - Level 2.0 Fighting
 + Level 4.5 Maces & Flails
 - Level 1.7 Throwing
 - Level 2.6 Dodging


You had 3 spell levels left.
You didn't know any spells.
Your spell library was empty.

Inventory:

Hand Weapons
 a - a +0 flail (weapon)
Missiles
 d - 3 throwing nets (quivered) {=f}
 e - a javelin
Armour
 b - a +0 leather armour (worn)
 c - a +0 helmet (worn)
Scrolls
 f - a scroll of noise {unknown}
 h - a scroll of enchant weapon {unknown}
 k - a scroll of amnesia {unknown}
 l - a scroll of magic mapping {unknown}
 m - a scroll of identify {unknown}
Potions
 i - a potion of curing {unknown}

Dungeon Overview and Level Annotations

Branches:
Dungeon (2/15)

Altars:

Annotations:
D:2 Sigmund

...##..........####.##
####......###### #..#
...........######..#
#..#########.......#
#.. ...####.)#.### #.
####........#
#.)..##.#.#...
#.>..##.#.# .
#.$.@##.# # #..@♣♣...
#... ♣.. ###♣ .♣♣


You could see Sigmund.


Message History

No target in view!
Sigmund the Dreaded comes into view.
He is wielding a +0 scythe and carrying a wand of flame (20).
Sigmund shouts!
Sigmund zaps a wand.
The puff of flame misses you.
Sigmund zaps a wand.
The puff of flame hits you. Sigmund hits you but does no damage.
You hit Sigmund.
Sigmund is moderately wounded.
Sigmund hits you with a +0 scythe!
You hit Sigmund but do no damage.
Sigmund is moderately wounded.
Sigmund casts a spell at you. The magic dart hits you!
* * * LOW HITPOINT WARNING * * *
You are too injured to fight recklessly!
Okay, then.
You sock Sigmund!
Sigmund is severely wounded.
Sigmund zaps a wand.
The puff of flame misses you.
You barely miss Sigmund.
Sigmund is severely wounded.
Sigmund hits you with a +0 scythe!
* * * LOW HITPOINT WARNING * * *
You barely miss Sigmund.
Sigmund is severely wounded.
Sigmund points at you and mumbles some strange words.
You resist with some effort.
It was a potion of magic.
Magic courses through your body. Sigmund hits you with a +0 scythe!
You die...

Skill      XL: |  1  2  3 |
---------------+----------+-----
Maces & Flails | 3 4 |  4.5
Fighting       | |  2.0
Throwing       | |  1.7
Dodging        | |  2.6

Action                     |  1- 3 |  4- 6 || total
---------------------------+-------+-------++-------
  Melee: Flail             |   129 |     8 ||   137
    Use: Potion            |     4 |     1 ||     5
 Armour: Leather armour    |    48 |     2 ||    50
         Skin              |   109 |       ||   109
  Dodge: Dodged            |    82 |     2 ||    84

Levels and vault maps discovered:
D:1:      zaba_arrival_water, layout_loops_ring
D:2:      cheibrodos_old_hovel, layout_rooms,
          shapermc_ecumenical_altar_totnotflames, hangedman_glass_teeth,
          minmay_goblin_outpost, uniq_robin, uniq_sigmund

Notes
Turn   | Place    | Note
-------+----------+-------------------------------------------
     0 | D:1      | demibob the Demonspawn Gladiator began the quest for the
                  | Orb.
     0 | D:1      | Reached XP level 1. HP: 16/16 MP: 1/1
   110 | D:1      | Reached skill level 3 in Maces & Flails
   197 | D:1      | Gained mutation: Spells you cast may paralyse adjacent
                  | enemies. [demonic ancestry]
   197 | D:1      | Reached XP level 2. HP: 10/22 MP: 2/2
   436 | D:1      | Reached XP level 3. HP: 18/27 MP: 3/3
   730 | D:1      | Reached skill level 4 in Maces & Flails
   846 | D:2      | Noticed Robin
   881 | D:2      | Killed Robin
  1016 | D:2      | Reached XP level 4. HP: 33/33 MP: 4/4
  1129 | D:2      | Noticed Sigmund
  1139 | D:2      | Slain by Sigmund

Vanquished Creatures
  Robin (D:2)
  2 dart slugs (D:1)
  2 bats
  4 endoplasms (D:1)
  2 giant cockroaches (D:1)
  12 goblins
  7 hobgoblins
  6 jackals (D:1)
  A quokka (D:1)
  2 ball pythons
  A frilled lizard (D:2)
  A kobold (D:1)
  6 rats
47 creatures vanquished.

Vanquished Creatures (others)
  5 plants (D:2)
5 creatures vanquished.

Grand Total: 52 creatures vanquished

Table legend: (Time is in decaauts)
 A = Elapsed time spent in this place.
 B = Non-inter-level travel time spent in this place.
 C = Inter-level travel time spent in this place.
 D = Time resting spent in this place.
 E = Time spent auto-exploring this place.
 F = Levels seen in this place.
 G = Mean time per level.
                   A        B        C        D        E       F      G
               +--------+--------+--------+--------+--------+-----+--------+
         Total |   1173 |   1157 |     16 |     63 |    808 |   2 |  586.5 |
       Dungeon |   1173 |   1157 |     16 |     63 |    808 |   2 |  586.5 |
               +--------+--------+--------+--------+--------+-----+--------+

Top non-repeatable levels by time:
     D:1: 797 daAuts
     D:2: 376 daAuts

Table legend:
 A = Non-vault XP
 B = Vault XP
 C = Vault XP percentage of total XP
 D = Non-vault monster count
 E = Vault monster count
 F = Vault count percentage of total count
                 A         B        C        D         E       F
            +---------+---------+-------+---------+---------+-------
      Total |      65 |      34 |  34.3 |      36 |      11 |  23.4
            +---------+---------+-------+---------+---------+-------
        D:1 |      52 |       0 |   0.0 |      27 |       0 |   0.0
        D:2 |      13 |      34 |  72.3 |       9 |      11 |  55.0
            +---------+---------+-------+---------+---------+-------
